Map: Romanticide LE

Players

milkicow

  • Race: Terran Terran
  • League: Grandmaster

BratOK (Brat_OK) - Winner!

  • Race: Terran Terran
  • League: Grandmaster

Event: DreamHack SC2 Masters 2021 Summer

VOD

Have the link to the VOD?

Description

Time

  • Played on: May 21, 2021, 11:15 a.m.
  • Length: 18:18

All games in this series

Show
View Real Time Build Order
Export as new Build Order

milkicow Terran 

Build Orders:  

Get SALT Encoding   

  12  0:00  SCV  
  13  0:12  SCV  
  14  0:17  Supply Depot  
  14  0:24  SCV  
  15  0:39  SCV, Barracks  
  16  0:44  Refinery  
  16  0:51  SCV  
  16  0:52  Refinery  
  17  1:03  SCV  
  18  1:15  SCV  
  19  1:26  Reaper  
  19  1:27  Orbital Command  
  19  1:29  Supply Depot  
  20  1:41  Factory  
  20  1:54  SCV  
  20  1:58  Reaper  
  22  2:16  Command Center  
  22  2:19  SCV  
  23  2:27  Hellion  
  25  2:31  Barracks Reactor  
  25  2:34  SCV  
  26  2:42  Starport  
  26  2:46  SCV  
  26  2:47  Supply Depot  
  26  2:50  Factory Tech Lab  
  27  2:59  SCV  
  28  3:10  Marine x2  
  28  3:12  Cyclone  
  33  3:14  SCV  
  34  3:22  Starport Tech Lab  
  34  3:26  SCV  
  35  3:28  Refinery, Orbital Command  
  35  3:37  Marine  
  35  3:38  SCV, Marine  
  35  3:50  SCV  
  35  3:55  Marine x2  
  35  4:01  Raven  
  38  4:03  SCV  
  39  4:11  Siege Tank  
  42  4:19  SCV x2  
  42  4:23  Marine x2  
  45  4:31  SCV  
  45  4:33  SCV  
  46  4:44  Marine x2, Command Center  
  46  4:45  SCV  
  49  4:46  SCV  
  49  4:57  SCV  
  49  4:59  Raven  
  52  5:01  SCV  
  52  5:07  Marine, Supply Depot  
  52  5:09  SCV  
  54  5:21  SCV  
  54  5:23  SCV  
  57  5:28  Siege Tank  
  57  5:33  SCV  
  57  5:35  SCV  
  57  5:45  SCV  
  57  5:47  SCV  
  58  5:50  Supply Depot  
  58  5:53  Barracks x2  
  56  5:58  SCV x2  
  56  6:01  Viking  
  56  6:02  Viking  
  61  6:06  SCV, Stimpack  
  61  6:07  Marine  
  61  6:10  SCV  
  61  6:18  Siege Tank  
  61  6:20  Orbital Command  
  61  6:21  SCV  
  64  6:26  SCV  
  64  6:29  Marine  
  66  6:33  SCV  
  66  6:38  Viking  
  66  6:39  SCV  
  67  6:41  Viking  
  67  6:45  Barracks Reactor, SCV  
  70  6:48  Barracks Reactor, SCV  
  70  6:50  Marine  
  70  6:51  SCV  
  73  6:55  Orbital Command, Siege Tank  
  73  6:58  SCV  
  77  7:04  Supply Depot  
  77  7:09  SCV, Marine, Viking  
  77  7:10  SCV  
  77  7:13  Refinery  
  82  7:19  Viking  
  82  7:21  SCV  
  84  7:23  SCV  
  84  7:26  SCV  
  81  7:33  SCV  
  81  7:35  SCV  
  76  7:37  Marine  
  76  7:38  Marine  
  76  7:39  Viking  
  76  7:40  SCV  
  80  7:45  SCV, Marine  
  80  7:46  Siege Tank  
  80  7:47  SCV  
  86  7:52  SCV  
  86  7:57  SCV  
  87  7:59  SCV, Medivac  
  87  8:04  SCV  
  89  8:09  SCV, Marine  
  89  8:10  Combat Shield  
  89  8:11  SCV, Marine  
  89  8:12  Marauder  
  93  8:14  Barracks x2  
  93  8:20  SCV  
  93  8:23  Supply Depot x2  
  93  8:25  Marine, Medivac  
  93  8:26  SCV  
  97  8:29  SCV, Supply Depot  
  97  8:30  Refinery  
  97  8:32  Refinery  
  97  8:33  Marauder  
  100  8:35  SCV  
  101  8:48  Siege Tank  
  104  8:49  SCV x2  
  104  8:50  SCV  
  104  8:54  Supply Depot  
  104  8:55  Marauder  
  109  8:56  Supply Depot  
  109  8:59  Marine x3  
  112  9:05  Barracks Tech Lab x2, SCV x2  
  112  9:06  SCV  
  115  9:14  Marine  
  115  9:16  Marauder  
  117  9:17  SCV  
  117  9:18  SCV  
  117  9:20  SCV  
  117  9:24  Marauder, Marine  
  118  9:27  Armory  
  120  9:31  SCV  
  120  9:33  SCV  
  120  9:37  Marauder  
  123  9:41  SCV  
  123  9:44  Marine, Command Center  
  123  9:45  Marauder, Medivac  
  127  9:46  Medivac  
  127  9:51  SCV, Siege Tank  
  135  9:55  Marine  
  135  9:56  Marauder  
  138  10:00  SCV  
  138  10:02  Engineering Bay x2  
  138  10:04  Marauder  
  141  10:08  Supply Depot  
  141  10:09  SCV x2, Marine  
  141  10:10  Marine  
  141  10:11  Marauder  
  141  10:13  Marine  
  148  10:16  Terran Ship Weapons Level 1  
  148  10:17  SCV, Supply Depot  
  149  10:30  SCV, Marauder, Siege Tank  
  149  10:31  Terran Infantry Armor Level 1, SCV, Terran Infantry Weapons Level 1, Supply Depot  
  149  10:34  Marine  
  149  10:35  Marine  
  157  10:37  Supply Depot  
  157  10:39  Marauder  
  157  10:41  Supply Depot  
  158  10:47  Marine  
  158  10:48  Marauder  
  161  10:50  SCV x2  
  161  10:54  Marine  
  161  10:55  SCV, Marauder  
  163  10:58  Marine  
  163  11:01  Marauder  
  163  11:02  SCV x2  
  167  11:05  Marine  
  167  11:08  SCV  
  167  11:09  Marauder  
  167  11:10  Refinery  
  171  11:12  Refinery, Starport  
  171  11:13  Starport  
  171  11:14  SCV  
  171  11:16  Marauder, Marine  
  171  11:17  Missile Turret  
  171  11:19  SCV  
  171  11:28  Marauder, Marine x2  
  171  11:29  SCV  
  171  11:31  Marauder  
  171  11:32  SCV  
  171  11:35  SCV  
  171  11:39  Planetary Fortress  
  172  11:41  SCV  
  172  11:43  Viking, Siege Tank  
  172  11:45  SCV  
  179  11:49  Missile Turret  
  179  11:53  Starport Tech Lab  
  179  11:54  Starport Tech Lab  
  178  11:55  SCV x2  
  178  11:57  SCV  
  181  12:02  Command Center  
  181  12:07  Viking  
  183  12:08  SCV  
  183  12:10  SCV  
  183  12:11  SCV  
  183  12:12  Marine  
  183  12:13  Marauder  
  183  12:14  Supply Depot  
  183  12:15  Terran Ship Weapons Level 2  
  188  12:25  Raven  
  188  12:26  Raven  
  188  12:28  Corvid Reactor  
  188  12:29  SCV, Terran Infantry Weapons Level 2  
  193  12:33  Terran Infantry Armor Level 2  
  193  12:35  Starport  
  182  12:44  Marine  
  182  12:45  Marauder  
  182  12:47  Viking x2  
  189  12:53  Command Center  
  189  12:54  Marauder, Marine x2  
  193  13:03  Command Center  
  193  13:05  SCV  
  192  13:07  SCV x2  
  192  13:08  Raven  
  196  13:19  Starport Tech Lab  
  196  13:20  Raven  
  197  13:28  SCV x2  
  199  13:34  Command Center  
  199  13:38  Command Center  
  199  13:39  Missile Turret x2  
  199  13:40  Planetary Fortress  
  198  13:42  Missile Turret  
  198  13:43  Missile Turret  
  197  13:51  Raven  
  197  13:52  Medivac  
  199  13:58  Barracks x3  
  199  14:04  Orbital Command  
  199  14:08  Refinery  
  199  14:09  Refinery  
  199  14:12  Command Center  
  199  14:19  Orbital Command, Command Center  
  199  14:26  SCV  
  200  14:36  Sensor Tower  
  200  14:40  Terran Ship Weapons Level 3  
  200  14:41  Armory  
  200  14:49  Barracks Tech Lab  
  200  14:50  Barracks Tech Lab x2  
  200  14:55  Terran Infantry Weapons Level 3, Terran Infantry Armor Level 3  
  200  14:56  Command Center  
  200  14:58  Orbital Command  
  200  15:01  Marine  
  191  15:16  Orbital Command  
  191  15:21  Raven  
  191  15:25  Orbital Command  
  193  15:39  Raven  
  193  15:40  Raven  
  183  15:50  Marine  
  183  15:51  Marine  
  183  15:53  Siege Tank  
  183  15:55  Marauder  
  184  16:04  Raven  
  178  16:22  Raven  
  178  16:24  Raven  
  170  16:25  Marine  
  170  16:26  Marauder  
  170  16:31  Marauder, Marine  
  139  16:47  Raven  
  139  16:50  Viking  
  139  16:51  Marauder x5, Marine x2  
  139  16:52  Marine x2  
  139  16:53  Marauder, Siege Tank  
  139  17:04  Raven  
  139  17:06  Orbital Command, SCV  
  139  17:07  SCV, Raven  
  145  17:09  Marine x2  
  145  17:10  SCV x2  
  145  17:12  Marauder x3  
  145  17:14  Marauder x2  
  159  17:16  Marauder, Marine  
  159  17:17  SCV  
  163  17:23  Missile Turret  
  163  17:24  Medivac  
  163  17:25  Marine, Medivac  
  163  17:29  Fusion Core  
  167  17:31  SCV, Orbital Command  
  167  17:34  Marauder x2  
  172  17:40  Marine  
  172  17:41  SCV, Marauder  
Show
View Real Time Build Order
Export as new Build Order

BratOK Terran - Winner!

Build Orders: Mech 

Get SALT Encoding   

  12  0:00  SCV  
  13  0:12  SCV  
  14  0:17  Supply Depot  
  14  0:24  SCV  
  15  0:38  SCV  
  15  0:40  Barracks  
  16  0:43  Refinery  
  16  0:51  SCV  
  16  0:52  Refinery  
  17  1:03  SCV  
  18  1:15  SCV  
  19  1:26  Barracks Reactor  
  19  1:27  Orbital Command  
  19  1:28  Supply Depot  
  19  1:40  Factory  
  19  1:53  SCV  
  20  2:02  Reaper x2  
  20  2:05  SCV  
  23  2:20  SCV  
  24  2:24  Hellion  
  26  2:30  Command Center  
  26  2:34  Reaper  
  26  2:35  Reaper  
  28  2:39  Supply Depot  
  28  2:45  Hellion  
  28  2:46  SCV  
  31  2:59  Starport  
  31  3:01  SCV  
  32  3:07  Marine x2  
  32  3:08  Factory Tech Lab  
  34  3:13  SCV  
  35  3:22  Supply Depot  
  35  3:30  SCV  
  36  3:34  Factory Tech Lab  
  36  3:38  Marine x2  
  38  3:43  Refinery  
  38  3:47  Banshee  
  40  3:52  SCV, Orbital Command  
  35  3:56  Marine x2  
  36  4:04  Cloaking Field  
  36  4:06  Cyclone  
  36  4:09  SCV  
  40  4:19  SCV  
  40  4:21  SCV  
  42  4:30  Banshee  
  45  4:32  SCV  
  45  4:33  SCV  
  45  4:36  Supply Depot  
  47  4:41  Marine  
  47  4:44  SCV  
  49  4:48  SCV  
  49  4:49  Siege Tank  
  51  4:56  SCV  
  51  4:57  Marine  
  51  4:59  Marine  
  54  5:00  SCV  
  55  5:09  SCV, Supply Depot  
  56  5:22  SCV  
  56  5:23  SCV  
  58  5:34  SCV, Command Center  
  58  5:35  SCV  
  60  5:40  Supply Depot  
  60  5:47  SCV x2  
  62  5:50  Refinery  
  62  5:52  Viking x2  
  62  5:53  Siege Tank  
  69  5:59  SCV x2  
  69  6:03  Supply Depot  
  71  6:11  SCV  
  72  6:13  SCV  
  72  6:15  Barracks Reactor  
  72  6:17  Factory  
  70  6:23  SCV  
  70  6:24  Viking x2  
  70  6:25  Siege Tank  
  78  6:37  SCV x2  
  80  6:46  Supply Depot  
  80  6:47  Orbital Command  
  80  6:49  SCV x2, Supply Depot  
  82  6:54  Refinery  
  82  6:56  Viking  
  82  6:59  Refinery  
  82  7:00  Siege Tank  
  87  7:01  SCV x2  
  87  7:03  Factory  
  87  7:08  Hellion  
  91  7:13  SCV x2  
  92  7:25  SCV  
  93  7:32  Siege Tank  
  93  7:35  Viking x2  
  93  7:36  SCV x2, Hellion x2  
  93  7:46  Siege Tank  
  93  7:49  Armory  
  93  7:50  Armory  
  95  8:03  Hellion x2  
  95  8:04  Siege Tank  
  96  8:06  Viking x2  
  96  8:11  SCV x2  
  95  8:15  Engineering Bay  
  95  8:21  Siege Tank  
  95  8:25  SCV x2  
  100  8:30  SCV  
  100  8:32  Supply Depot  
  100  8:33  Supply Depot  
  101  8:36  Siege Tank  
  101  8:37  Viking x2  
  108  8:50  Terran Vehicle And Ship Armor Level 1, Terran Vehicle Weapons Level 1  
  108  8:53  SCV  
  109  8:56  Sensor Tower, Missile Turret  
  109  8:59  Siege Tank  
  109  9:00  Hellion x2  
  116  9:03  SCV x2  
  116  9:05  SCV  
  116  9:08  Viking  
  121  9:11  Supply Depot  
  121  9:15  SCV  
  121  9:16  SCV  
  123  9:17  SCV  
  123  9:21  Liberator  
  119  9:27  Missile Turret  
  119  9:29  Missile Turret  
  119  9:30  Missile Turret  
  119  9:33  SCV  
  119  9:36  Siege Tank  
  119  9:37  Widow Mine x2, Siege Tank  
  119  9:38  Liberator  
  130  9:40  Missile Turret  
  130  9:44  Missile Turret  
  133  9:47  Supply Depot  
  133  9:49  Supply Depot  
  133  9:52  Missile Turret  
  133  9:57  SCV x2  
  133  9:58  Command Center  
  135  10:04  Hellion  
  135  10:05  Hellion  
  139  10:08  Siege Tank  
  142  10:17  Siege Tank  
  145  10:26  Hellion x2, Factory  
  145  10:27  Factory  
  147  10:34  Viking x2  
  151  10:41  Siege Tank  
  154  10:44  Missile Turret  
  154  10:45  Terran Vehicle And Ship Armor Level 2, Terran Vehicle Weapons Level 2, Missile Turret  
  154  10:49  Hellion x2, Siege Tank  
  159  10:54  SCV  
  160  10:59  Missile Turret  
  157  11:04  Viking  
  157  11:10  Supply Depot  
  157  11:11  Hellion x2, Supply Depot  
  163  11:13  Siege Tank  
  163  11:14  Factory Tech Lab, Factory Reactor  
  166  11:25  Missile Turret  
  162  11:26  Missile Turret  
  162  11:32  Command Center  
  152  11:35  Command Center  
  152  11:37  Infernal Pre-Igniter  
  152  11:38  Drilling Claws  
  154  11:40  Widow Mine  
  154  11:46  Planetary Fortress  
  154  11:48  SCV x2  
  154  11:51  SCV  
  157  12:00  SCV  
  158  12:03  Viking x2  
  162  12:09  Refinery  
  162  12:11  Starport, Refinery  
  162  12:13  Starport  
  162  12:15  Sensor Tower  
  162  12:17  Missile Turret  
  162  12:20  Missile Turret  
  162  12:21  Widow Mine x3  
  168  12:31  Widow Mine  
  168  12:32  Widow Mine x2  
  169  12:47  Viking x2  
  169  12:48  Starport Reactor  
  173  12:56  Smart Servos  
  173  12:57  Orbital Command, Viking  
  171  13:12  Terran Vehicle And Ship Armor Level 3, Command Center, Terran Ship Weapons Level 1  
  167  13:21  Viking x2  
  173  13:34  Viking x2  
  173  13:35  Starport Reactor  
  173  13:36  Planetary Fortress  
  173  13:51  Viking x2  
  177  14:03  Refinery  
  177  14:04  Viking x2, Missile Turret x2  
  177  14:05  Hi-Sec Auto Tracking  
  177  14:06  Missile Turret  
  177  14:07  Missile Turret  
  179  14:10  Thor x2  
  179  14:12  Hellion  
  179  14:15  Refinery  
  191  14:21  Viking x4  
  199  14:39  Missile Turret  
  199  15:02  Starport x2, Neosteel Armor  
  199  15:06  Orbital Command  
  199  15:07  Command Center  
  199  15:08  Command Center  
  199  15:12  Terran Ship Weapons Level 2  
  193  15:17  Viking x3  
  196  15:52  Siege Tank  
  199  15:59  Missile Turret  
  199  16:01  Missile Turret x2  
  195  16:12  Siege Tank  
  195  16:13  Widow Mine  
  197  16:23  Siege Tank  
  198  16:27  Widow Mine x2  
  198  16:28  Orbital Command  
  198  16:32  Orbital Command  
  197  16:33  Hellion  
  188  16:41  Hellion, Siege Tank  
  188  16:44  Siege Tank  
  187  16:47  Orbital Command  
  187  16:51  Refinery  
  178  17:12  Starport Tech Lab x2  
  178  17:19  Command Center  
  178  17:22  Siege Tank x2  
  184  17:23  Hellion  
  186  17:32  Factory  
  186  17:33  Factory  
  186  17:41  Factory  
  177  17:45  Hellion x2, Siege Tank  
  177  17:47  Command Center  
Tags
 
Add a new tag
Caveats
  • Supply blocks, unpowered buildings, or Contaminate may cause inaccurate times.
  • Supply counts are checked every 10 seconds.